 Dungeon Crawl Stone Soup version 0.26-a0-664-gc8b27b8fc1 (webtiles) character file.

Game seed: 9376904354174512241

216 Decritt the Vexing (level 5, 0/41 HPs)
             Began as a Gnoll Arcane Marksman on Oct 13, 2020.
             Slain by a gnoll
             ... wielding a +0 whip
              (3 damage)
             ... on level 4 of the Dungeon.
             The game lasted 00:10:37 (2172 turns).

Decritt the Vexing (Gnoll Arcane Marksman)          Turns: 2172, Time: 00:10:38

Health: 0/41       AC:  7    Str: 13    XL:     5   Next: 93%
Magic:  9/9        EV: 13    Int: 16    God:
Gold:   102        SH:  0    Dex: 15    Spells: 9/10 levels left

rFire    + . .     SeeInvis .   b - +3 quarterstaff (chaos)
rCold    . . .     Faith    .   (shield currently unavailable)
rNeg     . . .     Spirit   .   h - +0 ring mail {rF+}
rPois    .         Reflect  .   m - +0 helmet
rElec    .         Harm     .   j - +0 cloak
rCorr    .         Rampage  .   (no gloves)
MR       .....                  (no boots)
Stlth    +.........             (no amulet)
HPRegen  0.13/turn              (no ring)
MPRegen  0.11/turn              (no ring)

@: no status effects
A: distributed training, fangs 1, strong nose
a: no special abilities


You were on level 4 of the Dungeon.
You visited 1 branch of the dungeon, and saw 4 of its levels.

You collected 102 gold pieces.

Inventory:

Hand Weapons
 a - a +0 hand crossbow
 b - a +3 quarterstaff of chaos (weapon)
 c - a +0 spear
Missiles
 d - 94 bolts
Armour
 h - a +0 ring mail of fire resistance (worn)
 j - a +0 cloak (worn)
 m - a +0 helmet (worn)
Scrolls
 e - 3 scrolls of magic mapping
 f - a scroll of fog {unknown}
 i - 2 scrolls of remove curse {unknown}
 k - a scroll of blinking {unknown}
 l - a scroll of enchant armour {unknown}
 n - a scroll of amnesia
 p - 2 scrolls of teleportation {unknown}
 q - 2 scrolls of random uselessness {unknown}
Potions
 g - a potion of stabbing {unknown}
 o - a potion of resistance
 r - a potion of heal wounds


   Skills:
 + Level 3.1 Fighting
 + Level 1.7 Short Blades
 + Level 1.7 Long Blades
 + Level 1.7 Axes
 + Level 1.7 Maces & Flails
 + Level 1.7 Polearms
 + Level 1.7 Staves
 + Level 1.7 Slings
 + Level 1.7 Bows
 + Level 4.9 Crossbows
 + Level 1.7 Throwing
 + Level 1.7 Armour
 + Level 4.9 Dodging
 + Level 1.7 Stealth
 + Level 1.7 Shields
 + Level 1.7 Unarmed Combat
 + Level 3.3 Spellcasting
 + Level 1.3 Conjurations
 + Level 5.6 Hexes
 + Level 1.3 Summonings
 + Level 1.3 Necromancy
 + Level 1.3 Translocations
 + Level 1.3 Transmutations
 + Level 1.3 Fire Magic
 + Level 1.3 Ice Magic
 + Level 1.3 Air Magic
 + Level 1.3 Earth Magic
 + Level 1.3 Poison Magic
 + Level 1.9 Invocations
 + Level 1.7 Evocations


You had 9 spell levels left.
You knew the following spells:

 Your Spells              Type           Power        Failure   Level
a - Corona                Hex            ###....      3%          1

Your spell library contained the following spells:

 Spells                   Type           Power        Failure   Level
 Slow                     Hex            ###.....     6%          2
 Inner Flame              Hex/Fire       ##......     28%         3
 Portal Projectile        Hex/Tloc       ##....       28%         3
 Cause Fear               Hex            ###.......   36%         4
 Leda's Liquefaction      Hex/Erth       ##........   67%         4


Dungeon Overview and Level Annotations

Branches:
Dungeon (4/15)
 Temple: D:4-7

Altars:
Ru


Innate Abilities, Weirdness & Mutations

Your experience applies equally to all skills.
You have very sharp teeth.
Your uncanny sense of smell can sniff out nearby items.


Message History

* * * LOW HITPOINT WARNING * * *
You miss something. Your bite misses something.
Something hits you but does no damage.
You closely miss something. Something hits you.
* * * LOW HITPOINT WARNING * * *
Something hits you.
* * * LOW HITPOINT WARNING * * *
You completely miss something. Something hits you.
* * * LOW HITPOINT WARNING * * *
There is a stone staircase leading down here.
Something hits you.
* * * LOW HITPOINT WARNING * * *
You climb downwards.
Reactivating autopickup.
There is a stone staircase leading up here.
You start resting.
Something hits you.
* * * LOW HITPOINT WARNING * * *
Deactivating autopickup; reactivate with Ctrl-A.
You start resting.
Something hits you.
You die...

####### .......
....... .......
# ##.......
#.#........
#..@.......
.....##.....###
... ......+ .
##.....#
.###### . . #.


There were no monsters in sight!

Vanquished Creatures
  A jelly (D:3)
  Crazy Yiuf (D:2)
  2 orc wizards
  Robin (D:2)
  A gnoll (D:3)
  2 adders
  An ooze (D:3)
  A worm (D:2)
  2 dart slugs
  4 orcs (D:3)
  3 bats
  3 giant cockroaches
  9 goblins
  4 hobgoblins
  2 jackals (D:3)
  5 frilled lizards
  6 kobolds
  6 rats
54 creatures vanquished.

Notes
Turn   | Place    | Note
-------+----------+-------------------------------------------
     0 | D:1      | Decritt the Gnoll Arcane Marksman began the quest for the
                  | Orb.
     0 | D:1      | Reached XP level 1. HP: 17/17 MP: 4/4
    56 | D:1      | Reached XP level 2. HP: 23/23 MP: 5/5
   679 | D:2      | Reached XP level 3. HP: 27/28 MP: 7/7
   703 | D:2      | Found a sacrificial altar of Ru.
   788 | D:2      | Reached skill level 1 in Invocations
   817 | D:2      | Found a runed translucent door.
   818 | D:2      | Noticed Crazy Yiuf
   914 | D:2      | Killed Crazy Yiuf
   914 | D:2      | Reached skill level 1 in Short Blades
   914 | D:2      | Reached skill level 1 in Long Blades
   914 | D:2      | Reached skill level 1 in Axes
   914 | D:2      | Reached skill level 1 in Maces & Flails
   914 | D:2      | Reached skill level 1 in Polearms
   914 | D:2      | Reached skill level 1 in Staves
   914 | D:2      | Reached skill level 1 in Slings
   914 | D:2      | Reached skill level 1 in Bows
   914 | D:2      | Reached skill level 1 in Throwing
   914 | D:2      | Reached skill level 1 in Armour
   914 | D:2      | Reached skill level 1 in Stealth
   914 | D:2      | Reached skill level 1 in Shields
   914 | D:2      | Reached skill level 1 in Unarmed Combat
   914 | D:2      | Reached skill level 1 in Evocations
   914 | D:2      | Reached XP level 4. HP: 25/34 MP: 6/8
  1076 | D:2      | Noticed Robin
  1092 | D:2      | Killed Robin
  1228 | D:2      | Reached skill level 1 in Conjurations
  1228 | D:2      | Reached skill level 1 in Summonings
  1228 | D:2      | Reached skill level 1 in Necromancy
  1228 | D:2      | Reached skill level 1 in Translocations
  1228 | D:2      | Reached skill level 1 in Transmutations
  1228 | D:2      | Reached skill level 1 in Fire Magic
  1228 | D:2      | Reached skill level 1 in Ice Magic
  1228 | D:2      | Reached skill level 1 in Air Magic
  1228 | D:2      | Reached skill level 1 in Earth Magic
  1228 | D:2      | Reached skill level 1 in Poison Magic
  1536 | D:3      | Reached XP level 5. HP: 23/40 MP: 9/9
  2172 | D:4      | Slain by a gnoll

Illustrated notes

Levels and vault maps discovered:
D:1:      giann_bridges, layout_basic, minmay_tromino_i2
D:2:      layout_loops_ring, nicolae_ru_sacrificial_ziggurat, uniq_robin,
          uniq_crazy_yiuf_cottage
D:3:      layout_basic, minmay_misc_feat_four_crosses
D:4:      layout_basic, kennysheep_mini, tso_metal_star, serial_shops,
          shop_statue, kennysheep_little_box, gammafunk_ghost_nasty_kobolds,
          nicolae_ashenzari_panopticon, uniq_edmund, uniq_ijyb, uniq_menkaure,
          uniq_duvessa

Skill      XL: |  1  2  3  4  5 |
---------------+----------------+-----
Invocations    | 1 |  1.9
Short Blades   | 1 |  1.7
Long Blades    | 1 |  1.7
Axes           | 1 |  1.7
Maces & Flails | 1 |  1.7
Polearms       | 1 |  1.7
Staves         | 1 |  1.7
Slings         | 1 |  1.7
Bows           | 1 |  1.7
Throwing       | 1 |  1.7
Armour         | 1 |  1.7
Stealth        | 1 |  1.7
Shields        | 1 |  1.7
Unarmed Combat | 1 |  1.7
Evocations     | 1 |  1.7
Spellcasting   | 3 |  3.3
Conjurations   | 1 |  1.3
Summonings     | 1 |  1.3
Necromancy     | 1 |  1.3
Translocations | 1 |  1.3
Transmutations | 1 |  1.3
Fire Magic     | 1 |  1.3
Ice Magic      | 1 |  1.3
Air Magic      | 1 |  1.3
Earth Magic    | 1 |  1.3
Poison Magic   | 1 |  1.3
Fighting       | 3 |  3.1
Crossbows      | |  4.9
Dodging        | |  4.9
Hexes          | |  5.6

Action                   |  1- 3 |  4- 6 || total
-------------------------+-------+-------++-------
Melee: Quarterstaff      |       |    58 ||    58
       Bite              |       |     3 ||     3
 Fire: Hand crossbow     |    70 |       ||    70
 Cast: Corona            |     4 |       ||     4
  Use: Scroll            |       |     4 ||     4
       Potion            |       |     1 ||     1
 Stab: Sleeping          |       |     1 ||     1
Armor: Ring mail         |     7 |    27 ||    34
Dodge: Dodged            |    17 |    43 ||    60

Table legend: (Time is in decaauts)
 A = Elapsed time spent in this place.
 B = Non-inter-level travel time spent in this place.
 C = Inter-level travel time spent in this place.
 D = Time resting spent in this place.
 E = Time spent auto-exploring this place.
 F = Levels seen in this place.
 G = Mean time per level.
                   A        B        C        D        E       F      G
               +--------+--------+--------+--------+--------+-----+--------+
         Total |   2206 |   2153 |     53 |    318 |   1373 |   4 |  551.5 |
       Dungeon |   2206 |   2153 |     53 |    318 |   1373 |   4 |  551.5 |
               +--------+--------+--------+--------+--------+-----+--------+

Top non-repeatable levels by time:
     D:2: 1116 daAuts
     D:1: 642 daAuts
     D:3: 445 daAuts
     D:4: 1 daAuts
